 Dungeon Crawl Stone Soup version 0.31-a0-1009-g454b1f1e0a (webtiles) character file.

Game seed: 8544558527206878876

277 Gynju the Cudgeller (level 6, -5/40 HPs)
             Began as a Gargoyle Fighter on Nov 14, 2023.
             Slain by Menkaure (8 damage)
             ... on level 3 of the Dungeon.
             The game lasted 00:04:21 (2573 turns).

Gynju the Cudgeller (Gargoyle Fighter)              Turns: 2573, Time: 00:04:22

Health: -5/40      AC: 15    Str: 21    XL:     6   Next: 26%
Magic:  6/6        EV:  4    Int:  9    God:
Gold:   118        SH:  7    Dex:  9    Spells: 5/5 levels left

rFire   + . .        a - +0 flail
rCold   . . .        k - +0 kite shield
rNeg    + . .        b - +0 plate armour
rPois   ∞            (no helmet)
rElec   +            (no cloak)
rCorr   .            (no gloves)
SInv    +            (no boots)
Will    .....        (no amulet) Stlth
                     j - ring of protection from fire
HPRegen 0.26/turn    q - ring of see invisible
MPRegen 0.10/turn

%: no passive effects
@: no status effects
A: sickness immunity, AC +4, negative energy resistance 1, electricity
resistance, torment resistance 1, petrification resistance
a: no special abilities


You were on level 3 of the Dungeon.
You visited 1 branch of the dungeon, and saw 4 of its levels.

You collected 118 gold pieces.

Inventory:

Hand Weapons
 a - a +0 flail (weapon)
Armour
 b - a +0 plate armour (worn)
 k - a +0 kite shield (worn)
Jewellery
 i - a +6 ring of intelligence
 j - a ring of protection from fire (left hand)
 q - a ring of see invisible (right hand)
Scrolls
 c - a scroll of enchant weapon {unknown}
 e - 8 scrolls of identify {unknown}
 f - a scroll of revelation {unknown}
 h - a scroll of brand weapon {unknown}
 m - a scroll of amnesia {unknown}
 p - a scroll of vulnerability {unknown}
Potions
 d - a potion of might
 g - a potion of enlightenment {unknown}
 l - 2 potions of heal wounds {unknown}
 n - a potion of resistance {unknown}
 o - a potion of mutation {unknown}
 r - 2 potions of berserk rage {unknown}


   Skills:
 + Level 5.0 Fighting
 * Level 5.3 Maces & Flails
 - Level 3.2 Armour
 - Level 3.2 Shields


You had 5 spell levels left.
You didn't know any spells.
Your spell library contained the following spells:

 Spells                   Type           Power      Damage    Failure   Level
 Apportation              Tloc           0%         N/A       100%        1
 Freeze                   Ice            0%         1d3       100%        1
 Necrotise                Necr           0%         1d4       100%        1
 Summon Small Mammal      Summ           0%         N/A       100%        1
 Frozen Ramparts          Ice            0%         1d1       100%        3
 Hailstorm                Conj/Ice       0%         3d3       100%        3
 Ozocubu's Armour         Ice            0%         N/A       100%        3
 Metabolic Englaciation   Hex/Ice        0%         N/A       100%        5
 Simulacrum               Ice/Necr       0%         N/A       100%        6


Dungeon Overview and Level Annotations

Branches:
Dungeon (4/15)
 Temple: D:4-7

Altars:

Annotations:
D:3 Menkaure


Innate Abilities, Weirdness & Mutations

You are immune to sickness and miasma.
Your stone body is resilient. (AC +4)
You are immune to poison.
You resist negative energy. (rN+)
You are resistant to electric shocks. (rElec)
You are resistant to unholy torment.
You are immune to petrification.


Message History

You closely miss the jackal.
The jackal is moderately wounded.
The jackal bites you but does no damage.
You closely miss the jackal.
The jackal is moderately wounded.
You block the jackal's attack. x2
You sock the jackal!
You kill the jackal!
No target in view!
No target in view!
You climb downwards.
Level annotation: Menkaure
There is a stone staircase leading up here.
Menkaure casts a spell.
Menkaure seems to speed up.
You climb upwards.
There is a stone staircase leading down here.
You closely miss Menkaure.
Menkaure calls on the powers of darkness!
Your body is wracked with pain!
You completely miss Menkaure. Menkaure hits you but does no damage.
Menkaure gestures at you while chanting.
Pain shoots through your body!
You completely miss Menkaure. You block Menkaure's attack.
You closely miss Menkaure. Menkaure hits you! Menkaure hits you!!
* * * LOW HITPOINT WARNING * * *
You sock Menkaure!
Menkaure is moderately damaged.
Menkaure calls on the powers of darkness!
You feel a surge of unholy energy.
You sock Menkaure!
Menkaure is severely damaged.
Menkaure barely misses you. You block Menkaure's attack.
You completely miss Menkaure.
Menkaure is severely damaged.
Menkaure barely misses you.
You hit Menkaure.
Menkaure is almost destroyed.
You block Menkaure's attack. Menkaure hits you!
You die...

.........### #.†.....#
#####......# ######..####
###....## #......#[..##
##....########.#####.....##
######..##....##....####.......#
#..†...###.##..................#
##.########.#####.#######.......#
.....^.........††M.............##
##.#########...)@########.......#
#.# ##..### #.......# ##.# #..##
#.......# ...# ###÷..# ##.....##
...########...#.## ##...##
.#...............###### #####
...######...##.#......#
##..........##.######>##
###....###.##.######..##


You could see Menkaure (fast).

Vanquished Creatures
  A phantom (D:4)
  A hound (D:3)
  A jelly (D:4)
  An orc wizard (D:4)
  4 adders
  2 worms (D:2)
  4 dart slugs
  5 orcs (D:3)
  4 bats
  5 endoplasms
  A giant cockroach (D:1)
  6 goblins
  9 hobgoblins
  4 jackals (D:3)
  4 quokkas
  5 ball pythons
  6 kobolds
  4 rats
67 creatures vanquished.

Notes
Turn   | Place    | Note
-------+----------+-------------------------------------------
     0 | D:1      | Gynju the Gargoyle Fighter began the quest for the Orb.
     0 | D:1      | Reached XP level 1. HP: 14/14 MP: 1/1
   168 | D:1      | Reached XP level 2. HP: 11/19 MP: 2/2
   580 | D:1      | Reached XP level 3. HP: 24/24 MP: 3/3
  1446 | D:2      | Reached XP level 4. HP: 14/29 MP: 4/4
  2433 | D:4      | Noticed a phantom
  2437 | D:4      | Killed a phantom
  2438 | D:4      | Reached XP level 5. HP: 34/34 MP: 5/5
  2507 | D:4      | Noticed Menkaure
  2508 | D:4      | Reached skill level 5 in Maces & Flails
  2508 | D:4      | Reached XP level 6. HP: 36/40 MP: 6/6
  2525 | D:3      | Reached skill level 5 in Fighting
  2569 | D:3      | HP: 2/40 [Menkaure (18)]
  2573 | D:3      | Slain by Menkaure

Illustrated notes

Levels and vault maps discovered:
D:1:      giann_forest_graveyard, layout_loops_ring
D:2:      layout_basic
D:3:      layout_rooms
D:4:      layout_loops_ring, makhleb_heckhound_becter, tgw_trog,
          kennysheep_big_empty_room, uniq_robin, uniq_duvessa, uniq_menkaure

Skill      XL: |  1  2  3  4  5  6 |
---------------+-------------------+-----
Maces & Flails | 3 4 5 |  5.3
Fighting       | 4 5 |  5.0
Armour         | |  3.2
Shields        | |  3.2

Action                     |  1- 3 |  4- 6 || total
---------------------------+-------+-------++-------
  Melee: Flail             |   120 |   100 ||   220
    Use: Potion            |       |     1 ||     1
 Armour: Scale mail        |    93 |    45 ||   138
         Plate armour      |       |    66 ||    66
  Dodge: Dodged            |    62 |    44 ||   106
  Block: Buckler           |    13 |       ||    13
         Kite shield       |    15 |    62 ||    77

Table legend: (Time is in decaauts)
 A = Elapsed time spent in this place.
 B = Non-inter-level travel time spent in this place.
 C = Inter-level travel time spent in this place.
 D = Time resting spent in this place.
 E = Time spent auto-exploring this place.
 F = Levels seen in this place.
 G = Mean time per level.
                   A        B        C        D        E       F      G
               +--------+--------+--------+--------+--------+-----+--------+
         Total |   2647 |   2498 |    149 |      0 |   1912 |   4 |  661.8 |
       Dungeon |   2647 |   2498 |    149 |      0 |   1912 |   4 |  661.8 |
               +--------+--------+--------+--------+--------+-----+--------+

Top non-repeatable levels by time:
     D:1: 994 daAuts
     D:2: 946 daAuts
     D:3: 570 daAuts
     D:4: 136 daAuts
